AoeStats
← CLB_Shaka

Lombardia

509243654Analyzed
4v4 RM · 5d ago on Sep 26, 2026· 55m 22s· 8 players
Game mode
Random Map
Map size
Large (8 player)
Population
200
Speed
Normal
Resources
Standard
Victory
Conquest
Starting age
Dark Age
Ending age
Imperial Age
RankedLock teamsTeams togetherTeam positionsShared explorationLock speedFull tech treeHidden civsTurbo modeCheats
Victory
Defeat
1261
+14
🇨🇱 Khmer · Chile
1206
+17
🇨🇱 Mongols · Chile
1195
+17
🇨🇱 Franks · Chile
1175
+18
🇨🇴 Khmer · Colombia
1264
-18
🇨🇳 Danes · China
1222
-17
🇺🇸 Persians · United States
1198
-16
🇨🇳 Burmese · China
1189
-15
ZHurald ZHurdrada
9:34 Loom
9:41 Loom
11:59 Feudal Age
12:42 Horse Collar
12:48 Double-Bit Axe
21:11 Castle Age
20:27 Scale Mail Armor
20:37 Forging
22:58 Heavy Plow
23:10 Bow Saw
23:59 Town Watch
30:18 Wheelbarrow
30:02 Squires
29:51 Arson
30:16 Hamask
34:59 Chain Mail Armor
35:40 Gold Mining
37:05 Iron Casting
37:28 Gambesons
41:28 Imperial Age
40:42 Hand Cart
41:59 Gold Shaft Mining
41:15 Stone Mining
41:27 Town Patrol
41:31 Elite Varangian Guard
42:43 Plate Mail Armor
43:53 Blast Furnace
43:34 Conscription
46:03 Fletching
46:54 Elite Jomsviking
48:51 Pikeman
52:01 Hoardings
52:20 Capped Ram
53:11 Siege Ram
.Hades.
6:46 Loom
9:21 Feudal Age
10:05 Double-Bit Axe
10:01 Horse Collar
19:54 Castle Age
18:53 Gold Mining
24:28 Bow Saw
24:26 Heavy Plow
26:17 Bloodlines
26:07 Husbandry
26:44 Scale Barding Armor
30:17 Chain Barding Armor
30:08 Forging
33:44 Wheelbarrow
36:43 Imperial Age
36:51 Imperial Age
34:09 Town Watch
35:00 Hand Cart
35:44 Iron Casting
36:17 Stone Mining
37:02 Gold Shaft Mining
36:44 Fletching
36:41 Heavy Camel Rider
37:58 Plate Barding Armor
38:24 Blast Furnace
37:38 Citadels
37:49 Conscription
38:33 Crop Rotation
37:58 Light Cavalry
38:15 Cavalier
40:23 Savar
40:33 Elite War Elephant
45:45 Bodkin Arrow
46:18 Pikeman
46:58 Squires
47:00 Scale Mail Armor
46:48 Gambesons
47:27 Halberdier
48:24 Chain Mail Armor
50:47 Plate Mail Armor
2779541966
11:33 Feudal Age
11:10 Loom
16:22 Castle Age
18:07 Horse Collar
22:07 Wheelbarrow
26:49 Fletching
27:42 Bodkin Arrow
29:49 Hand Cart
32:17 Heavy Plow
36:40 Imperial Age
33:58 Town Watch
34:54 Gold Mining
34:55 Stone Mining
35:11 Caravan
35:58 Scale Barding Armor
35:57 Husbandry
36:08 Bloodlines
37:15 Treadmill Crane
37:56 Ballistics
38:37 Chemistry
38:34 Conscription
39:33 Parthian Tactics
40:03 Crop Rotation
40:09 Manipur Cavalry
40:37 Bracer
41:38 Gold Shaft Mining
42:08 Elite Arambai
43:06 Padded Archer Armor
46:55 Guilds
47:17 Coinage
47:41 Chain Barding Armor
47:33 Forging
47:38 Herbal Medicine
48:21 Theocracy
48:03 Block Printing
47:59 Fervor
48:13 Sanctity
48:22 Illumination
50:32 Iron Casting
49:59 Scale Mail Armor
51:13 Pikeman
51:53 Squires
CLB_Shaka
2:07 Loom
10:16 Feudal Age
16:08 Castle Age
15:29 Double-Bit Axe
24:56 Forging
26:19 Scale Barding Armor
28:19 Bloodlines
29:56 Horse Collar
32:44 Stone Mining
32:46 Gold Mining
36:32 Imperial Age
35:31 Wheelbarrow
36:48 Hand Cart
37:10 Iron Casting
38:55 Blast Furnace
38:57 Heavy Scorpion
40:27 Chain Barding Armor
41:21 Tusk Swords
44:01 Chemistry
43:34 Elite Battle Elephant
44:50 Plate Barding Armor
45:31 Light Cavalry
46:16 Padded Archer Armor
46:08 Fletching
47:41 Caravan
47:07 Elite Skirmisher
49:34 Leather Archer Armor
49:14 Bodkin Arrow
Yeyi Vicuña
3:11 Loom
12:26 Feudal Age
13:14 Double-Bit Axe
17:06 Castle Age
15:57 Gold Mining
16:21 Forging
24:22 Scale Barding Armor
25:48 Wheelbarrow
26:11 Bow Saw
26:41 Iron Casting
28:04 Hand Cart
31:23 Imperial Age
32:27 Stone Mining
34:41 Blast Furnace
33:49 Cavalier
35:04 Chivalry
35:29 Chain Barding Armor
36:55 Fortified Wall
38:00 Caravan
38:30 Murder Holes
39:19 Plate Barding Armor
39:38 Paladin
40:46 Husbandry
44:17 Hoardings
51:20 Chemistry
lleame pa la casa
11:47 Feudal Age
15:42 Castle Age
15:07 Loom
15:11 Double-Bit Axe
17:52 Gold Mining
17:47 Horse Collar
23:04 Wheelbarrow
24:23 Hand Cart
25:45 Scale Barding Armor
25:50 Forging
25:57 Forging
27:47 Bloodlines
27:37 Husbandry
29:05 Chain Barding Armor
29:21 Iron Casting
29:22 Stone Mining
30:08 Gold Shaft Mining
34:46 Imperial Age
33:13 Town Watch
33:30 Heavy Plow
33:44 Bow Saw
34:12 Stone Shaft Mining
35:40 Ballistics
35:32 Masonry
36:28 Chemistry
35:34 Siege Engineers
35:29 Murder Holes
35:14 Elite Ballista Elephant
38:29 Double Crossbow
39:03 Architecture
39:58 Conscription
40:52 Light Cavalry
45:33 Plate Barding Armor
45:58 Blast Furnace
44:49 Fletching
50:16 Hussar
IMPORTAINER S.A @ DaNkoN_ARG
6:21 Loom
9:36 Feudal Age
10:36 Double-Bit Axe
14:47 Forging
15:12 Horse Collar
16:01 Scale Barding Armor
18:32 Wheelbarrow
23:11 Castle Age
21:48 Gold Mining
25:43 Chain Barding Armor
25:35 Bloodlines
30:32 Bow Saw
31:10 Heavy Plow
34:49 Hand Cart
37:11 Imperial Age
35:01 Heavy Plow
37:14 Iron Casting
36:41 Husbandry
38:32 Plate Barding Armor
38:57 Blast Furnace
38:42 Gold Shaft Mining
39:42 Two-Man Saw
39:11 Elite War Elephant
41:20 Murder Holes
41:36 Masonry
42:02 Devotion
42:13 Fletching
42:24 Padded Archer Armor
43:43 Conscription
43:50 Faith
44:49 Crop Rotation
45:47 Stone Mining
46:26 Town Watch
47:00 Guilds
48:57 Hoardings
49:57 Ballistics
50:42 Caravan
51:37 Town Patrol
El Subcomandante
6:34 Loom
9:30 Feudal Age
10:31 Double-Bit Axe
11:43 Town Watch
20:35 Castle Age
19:24 Fletching
19:34 Padded Archer Armor
19:18 Horse Collar
20:15 Bloodlines
25:54 Bodkin Arrow
26:14 Leather Archer Armor
27:55 Bow Saw
27:49 Gold Mining
28:04 Husbandry
28:36 Stone Mining
30:43 Heavy Plow
31:56 Ballistics
34:20 Thumb Ring
38:10 Imperial Age
36:46 Wheelbarrow
39:06 Hand Cart
38:20 Elite Mangudai
39:54 Bracer
40:41 Gold Shaft Mining
41:30 Chemistry
43:30 Conscription
44:13 Parthian Tactics
48:50 Drill
47:52 Capped Ram
50:30 Caravan
Connection lost

Rejoining the realm…

Still unreachable

The connection could not be restored.

Session expired

The server has moved on; the page needs a fresh start.